 Dungeon Crawl Stone Soup version 0.31-a0-818-ge7c7cf74f0 (webtiles) character file.

Game seed: 11946347037935571834

501 Kurtz the Chopper (level 7, -3/46 HPs)
             Began as an Octopode Fighter on Sept 23, 2023.
             Was an Initiate of Gozag.
             Slain by an ogre
             ... wielding a +0 giant club
              (18 damage)
             ... on level 5 of the Dungeon.
             The game lasted 00:03:23 (3279 turns).

Kurtz the Chopper (Octopode Fighter)                Turns: 3279, Time: 00:03:24

Health: -3/46      AC:  1    Str: 15    XL:     7   Next: 17%
Magic:  7/7        EV: 14    Int: 11    God:    Gozag
Gold:   190        SH:  4    Dex: 13    Spells: 6/6 levels left

rFire   . . .        a - +0 war axe
rCold   . . .        b - +0 buckler
rNeg    . . .        (helmet restricted)
rPois   .            (no amulet)
rElec   .            d - ring of willpower
rCorr   .            (no ring)
SInv    .            (no ring)
Will    +....        (no ring)
Stlth   ++           (no ring)
HPRegen 0.27/turn    (no ring)
MPRegen 0.10/turn    (no ring)
                     (no ring)

%: no passive effects
@: gold aura
A: almost no armour, amphibious, 8 rings, camouflage 1, gelatinous body 1,
(nimble swimmer 1), tentacles
a: Renounce Religion, Potion Petition, Call Merchant, Bribe Branch


You were on level 5 of the Dungeon.
You worshipped Gozag.
Gozag was aware of your devotion.
You visited 2 branches of the dungeon, and saw 6 of its levels.

You collected 251 gold pieces.
You paid 61 gold pieces to Gozag.

Inventory:

Hand Weapons
 a - a +0 war axe (weapon)
Armour
 b - a +0 buckler (worn)
Jewellery
 d - a ring of willpower (left tentacle)
Scrolls
 e - 3 scrolls of identify {unknown}
 g - 2 scrolls of teleportation {unknown}
 i - 2 scrolls of enchant armour {unknown}
 l - 3 scrolls of enchant weapon {unknown}
 m - 3 scrolls of revelation {unknown}
 o - a scroll of poison {unknown}
 p - a scroll of blinking {unknown}
 q - a scroll of silence {unknown}
Potions
 c - a potion of berserk rage {unknown}
 f - 2 potions of curing
 h - a potion of invisibility {unknown}
 j - 3 potions of mutation {unknown}
 k - a potion of heal wounds {unknown}
 n - a potion of enlightenment {unknown}


   Skills:
 - Level 3.0 Fighting
 * Level 7.0 Axes
 + Level 4.0 Dodging
 - Level 3.0 Shields


You had 6 spell levels left.
You didn't know any spells.
Your spell library contained the following spells:

 Spells                   Type           Power      Damage    Failure   Level
 Magic Dart               Conj           0%         1d3       43%         1
 Call Imp                 Summ           0%         N/A       56%         2
 Cigotuvi's Dreadful Rot  Necr/Pois/Air  0%         N/A       56%         2
 Ignite Poison            Fire/Tmut/Pois 0%         N/A       80%         3
 Mephitic Cloud           Conj/Pois/Air  0%         N/A       80%         3
 Freezing Cloud           Conj/Ice/Air   0%         6-21      100%        5


Dungeon Overview and Level Annotations

Branches:
Dungeon (5/15)             Temple (1/1) D:4

Altars:
Ashenzari
Cheibriados
Dithmenos
Elyvilon
Fedhas
Gozag
Kikubaaqudgha
Makhleb
Nemelex Xobeh
Qazlal
Ru
Sif Muna
Trog
Uskayaw
Vehumet
Wu Jian
Xom
Yredelemnul
Zin
The Shining One

Shops:
D:3 (   D:4 [

Annotations:
D:4 exclusion: 2 downstairs
D:5 Dowan, Duvessa


Innate Abilities, Weirdness & Mutations

You cannot wear most types of armour.
You are amphibious.
You can wear up to eight rings at the same time.
Your skin changes colour to match your surroundings (Stealth+).
Your rubbery body absorbs attacks. (AC +1, EV +1)
((You are camouflaged when in or above water. (Stealth+)))
You have tentacles for arms and can constrict up to eight enemies at once.


Message History

Level annotation: exclusion: 2 downstairs
There is a stone staircase leading down here.
You hit the orc.
You kill the orc!
No target in view!
You start resting.
HP restored.
This staircase is marked as excluded!
You climb downwards.
Level annotation: Dowan, Duvessa The centaur wields a +0 shortbow.
The centaur shoots an arrow.
The arrow hits you!
The centaur shoots an arrow.
The arrow completely misses you.
There is a stone staircase leading up, spattered with blood here.
The centaur unwields a +0 shortbow.
The centaur hits you. The centaur barely misses you.
You slash the centaur!
The centaur is heavily wounded.
The centaur hits you. The centaur closely misses you. The centaur misses you.
You block the centaur's attack.
You slash the centaur!
You tentacle-slap the centaur, but do no damage.
The centaur is almost dead.
You block the centaur's attack. The centaur barely misses you.
The centaur closely misses you. The centaur misses you.
You hit the centaur but do no damage. You squeeze the centaur.
You kill the centaur!
Your Axes skill increases to level 7!
You have reached level 7!
You hit the ogre. You squeeze the ogre.
The ogre is lightly wounded.
The ogre misses you.
You barely miss the ogre.
The ogre is lightly wounded.
The ogre hits you with a +0 giant club!
You slash the ogre! You squeeze the ogre!
The ogre is almost dead.
The ogre hits you with a +0 giant club!!
You die...
Your body crumbles into a pile of gold.

....# ..... #...
..... .... #...
......#.. ....
......#.#
......#.# #...#
##. . #...##
.... .....##O<#
...#
......#@##....#.
...#.(.$........
..######........
.. #........
.........
.........
.....$....
.........#
...........


You could see an ogre.

Vanquished Creatures
  A steam dragon (D:4)
  A centaur (D:5)
  A scorpion (D:4)
  A jelly (Temple)
  2 hounds (D:4)
  An iguana (D:4)
  An orc wizard (D:3)
  An adder (D:4)
  An ufetubus (D:5)
  2 worms
  5 orcs
  6 bats
  5 endoplasms
  5 giant cockroaches
  5 goblins
  9 hobgoblins
  2 jackals (D:1)
  4 kobolds
  6 quokkas
  4 ball pythons
  2 frilled lizards
  5 rats
70 creatures vanquished.

Notes
Turn   | Place    | Note
-------+----------+-------------------------------------------
     0 | D:1      | Kurtz the Octopode Fighter began the quest for the Orb.
     0 | D:1      | Reached XP level 1. HP: 16/16 MP: 1/1
    69 | D:1      | Reached XP level 2. HP: 18/21 MP: 2/2
   446 | D:1      | Reached XP level 3. HP: 22/26 MP: 3/3
   462 | D:1      | Found a faded altar of an unknown god.
   528 | D:1      | Reached skill level 3 in Axes
  1377 | D:3      | Reached XP level 4. HP: 15/31 MP: 4/4
  1520 | D:3      | Found Fodi's Weapon Shop.
  1619 | D:3      | Reached skill level 4 in Axes
  1716 | D:3      | Found a glowing golden altar of the Shining One.
  2261 | D:4      | Noticed a scorpion
  2270 | D:4      | Killed a scorpion
  2271 | D:4      | Reached XP level 5. HP: 34/36 MP: 5/5
  2337 | D:4      | Found Guesehuy's Antique Armour Emporium.
  2339 | D:4      | Noticed a steam dragon
  2362 | D:3      | Reached skill level 5 in Axes
  2478 | D:4      | Found a staircase to the Ecumenical Temple.
  2488 | Temple   | Entered the Ecumenical Temple
  2491 | Temple   | Reached XP level 6. HP: 27/42 MP: 6/6
  2530 | Temple   | Became a worshipper of Gozag Ym Sagoz the Greedy
  2565 | D:4      | Killed a steam dragon
  2566 | D:4      | Reached skill level 6 in Axes
  3048 | D:5      | Entered Level 5 of the Dungeon
  3068 | D:5      | Noticed Duvessa
  3068 | D:5      | Noticed Dowan
  3277 | D:5      | Reached skill level 7 in Axes
  3277 | D:5      | Reached XP level 7. HP: 29/46 MP: 7/7
  3279 | D:5      | Slain by an ogre

Illustrated notes

Levels and vault maps discovered:
D:1:      ncdulo_halloftheorcs, layout_basic,
          chequers_ecumenical_altar_simple_redux
D:2:      layout_basic
D:3:      layout_basic, nicolae_tso_swordbearing_angel, serial_shops,
          nicolae_shop_crystal, grunt_decor_resistance
D:4:      layout_rooms, minmay_temple_entry_antechambers, serial_shops, shop
D:5:      layout_cave_pools, st_stairs_6, uniq_pikel, uniq_duvessa
Temple:   compressed_dpeg_triangle_lava_temple

Skill      XL: |  1  2  3  4  5  6 |
---------------+-------------------+-----
Axes           | 3 4 5 7 |  7.0
Dodging        | 4 |  4.0
Fighting       | |  3.0
Shields        | |  3.0

Action                     |  1- 3 |  4- 6 |  7- 9 || total
---------------------------+-------+-------+-------++-------
  Melee: War axe           |    71 |    74 |     3 ||   148
         Tentacles         |     9 |    15 |     2 ||    26
         Constrict         |    16 |    14 |       ||    30
         Punch             |       |     3 |       ||     3
    Use: Potion            |     1 |     1 |       ||     2
   Stab: Distracted        |     1 |     1 |       ||     2
         Sleeping          |     4 |     2 |       ||     6
 Armour: Skin              |    28 |    45 |     2 ||    75
  Dodge: Dodged            |    51 |    61 |     1 ||   113
  Block: Buckler           |    11 |    15 |       ||    26

Table legend: (Time is in decaauts)
 A = Elapsed time spent in this place.
 B = Non-inter-level travel time spent in this place.
 C = Inter-level travel time spent in this place.
 D = Time resting spent in this place.
 E = Time spent auto-exploring this place.
 F = Levels seen in this place.
 G = Mean time per level.
                   A        B        C        D        E       F      G
               +--------+--------+--------+--------+--------+-----+--------+
         Total |   3335 |   3003 |    332 |    286 |   2108 |   6 |  555.8 |
       Dungeon |   3285 |   2968 |    317 |    286 |   2108 |   5 |  657.0 |
        Temple |     50 |     35 |     15 |      0 |      0 |   1 |   50.0 |
               +--------+--------+--------+--------+--------+-----+--------+

Top non-repeatable levels by time:
     D:4: 830 daAuts
     D:3: 822 daAuts
     D:2: 804 daAuts
     D:1: 792 daAuts
  Temple: 50 daAuts
     D:5: 36 daAuts
